cohdb
Replays
Latest Replays
All Replays
Popular Replays
Top Player Replays
Match Explorer
How It Works
Community
CoH3 Stats
Reddit
Sign in to upload your games and track your stats! →
Sign in with Steam
Match 41790565
Unlisted
Match 41790565
Overview
Messages
Build Orders
End
Vickers Machine Gun Team
Construct Section Command Post
Infantry Section
Selects Canadian Shock Battlegroup
Construct Field Infirmary
Selects Attacking Spirit
Selects Canadian Shock Section
Canadian Shock Section
Canadian Shock Section
Construct Platoon Command Post
Canadian Shock Section
Selects Incendiary Munitions
Unlock M3 Stuart Light Tanks
M3 Stuart Light Tank
Selects Pyrotechnics
Construct Company Command Post
6-pounder Anti-tank Gun Team
Crusader II Medium Tank
Unlock M3 Grant Medium Tanks
M3 Grant Medium Tank
Canadian Shock Section
Selects Churchill Crocodile Heavy Tank
Selects Churchill Crocodile Heavy Tank
mp5
Dawes
Aggitator
Yami
☜☆☞★ Herkul ★☜☆☞
Der Affe auf der Giraffe!
Akil
SimiBest
0
0
Comments
sign in to comment!
No comments posted yet!